 Dungeon Crawl Stone Soup version 0.31-a0-233-g139696dc86 (webtiles) character file.

Game seed: 3164129989082678004

178 qw the Shooter (level 5, -10/30 HPs)
             Began as a Gargoyle Hexslinger on July 9, 2023.
             Mangled by a hell rat (13 damage)
             ... in a sewer.
             The game lasted 00:01:00 (1668 turns).

qw the Shooter (Gargoyle Hexslinger)                Turns: 1668, Time: 00:01:01

Health: -10/30     AC: 15    Str: 11    XL:     5   Next: 58%
Magic:  6/6        EV: 10    Int: 14    God:
Gold:   117        SH:  0    Dex: 14    Spells: 5/6 levels left

rFire   . . .        d - +1 sling (heavy)
rCold   . . .        (no shield)
rNeg    + . .        e - +0 ring mail
rPois   inf          c - +0 helmet
rElec   +            (no cloak)
rCorr   .            a - +0 pair of gloves
SInv    .            (no boots)
Will    .....        (no amulet)
Stlth   +            m - +4 ring of protection
HPRegen 0.25/turn    (no ring)
MPRegen 0.10/turn

%: no passive effects
@: no status effects
A: sickness immunity, AC +4, negative energy resistance 1, electricity
resistance, torment resistance 1, petrification resistance
a: no special abilities


You were in a sewer.
You visited 1 branch of the dungeon, and saw 3 of its levels.
You also visited: Sewer.

You collected 117 gold pieces.


Innate Abilities, Weirdness & Mutations

You are immune to sickness and miasma.
Your stone body is resilient. (AC +4)
You are immune to poison.
You resist negative energy. (rN+)
You are resistant to electric shocks. (rElec)
You are resistant to unholy torment.
You are immune to petrification.


   Skills:
 + Level 2.0 Fighting
 - Level 5.0 Ranged Weapons
 - Level 1.9 Armour
 - Level 1.5 Dodging
 - Level 1.0 Spellcasting
 - Level 2.6 Hexes


You had 5 spell levels left.
You knew the following spells:

 Your Spells              Type           Power      Damage    Failure   Level
a - Slow                  Hex            32%        N/A       21%         1

Your spell library contained the following spells:

 Spells                   Type           Power      Damage    Failure   Level
 Inner Flame              Hex/Fire       4%         N/A       71%         3
 Portal Projectile        Hex/Tloc       8%         N/A       71%         3
 Cause Fear               Hex            4%         N/A       90%         4

Inventory:

Hand Weapons
 d - a +1 heavy sling (weapon)
Armour
 a - a +0 pair of gloves (worn)
 c - a +0 helmet (worn)
 e - a +0 ring mail (worn)
Jewellery
 m - a +4 ring of protection (left hand)
Scrolls
 b - a scroll of identify
 h - a scroll of teleportation
Potions
 j - a potion of invisibility {unknown}
 n - a potion of heal wounds {unknown}

Dungeon Overview and Level Annotations

Branches:
Dungeon (3/15)              Sewer (1/1)

Altars:
Wu Jian


Message History

The rat twitches its whiskers.
1641 ||| Stepping ~*~*~tactically~*~*~ (water).
You shoot a sling bullet.
The sling bullet closely misses the rat.
You shoot a sling bullet. The sling bullet hits the rat.
The rat is moderately wounded.
The rat bites you but does no damage.
You shoot a sling bullet. The sling bullet hits the rat!
You kill the rat!
You enter the shallow water.
Moving in this stuff is going to be slow.
You see here a river rat corpse.
You see here a river rat corpse.
You enter the shallow water.
Moving in this stuff is going to be slow.
You open the door.
A hell rat comes into view.
The hell rat moves out of view.
Found four items.
Found a gate leading back out of this place.
A hell rat and a rat come into view.
Found three items.
You shoot a sling bullet. The sling bullet hits the hell rat.
The hell rat is lightly wounded.
You shoot a sling bullet.
The sling bullet barely misses the hell rat.
The hell rat bites you. The hell rat bites you!
You shoot a sling bullet. The sling bullet hits the hell rat.
The hell rat is lightly wounded.
The hell rat bites you but does no damage.
The hell rat bites you.
You shoot a sling bullet.
The sling bullet closely misses the hell rat.
The hell rat closely misses you.
The hell rat bites you but does no damage.
You shoot a sling bullet.
The sling bullet hits the hell rat but does no damage.
The hell rat is lightly wounded.
The hell rat bites you! x2
You die...

#..~~~\~.~~~###
.~~..#####~~...#
~~.###!\!###~..##
~~##~!?)?$.##.%.#
~ ~~~~~~.~ #.~.#
~ ~~~~~~ ##.~~#
~~. #~~~###~.~##
.~.~~##r##~~~..#
#...~r@..~~~###
###..~~~.~###
#########


You could see a hell rat and a rat.

Vanquished Creatures
  An orc priest (D:3)
  An orc wizard (D:2)
  An adder (D:2)
  A river rat (Sewer)
  2 worms (D:3)
  3 dart slugs
  8 orcs
  6 endoplasms
  7 giant cockroaches
  6 goblins
  2 hobgoblins
  2 jackals (D:1)
  10 kobolds
  7 quokkas
  3 ball pythons
  7 bats
  3 frilled lizards (D:1)
  10 rats
80 creatures vanquished.

Notes
Turn   | Place    | Note
-------+----------+-------------------------------------------
     0 | D:1      | qw the Gargoyle Hexslinger began the quest for the Orb.
     0 | D:1      | Reached XP level 1. HP: 12/12 MP: 2/2
     0 | D:1      | 0 ||| qw: Version: 0.3-a-51-g015441d
     0 | D:1      | 0 ||| qw: Game counter: 4028
     0 | D:1      | 0 ||| qw: Melee chars always use a shield: true
     0 | D:1      | 0 ||| qw: God list: Okawaru
     0 | D:1      | 0 ||| qw: Allow faded altars: false
     0 | D:1      | 0 ||| qw: Do Orc after clearing Dungeon:15 true
     0 | D:1      | 0 ||| qw: Do second Lair branch before Depths: true
     0 | D:1      | 0 ||| qw: Lair rune preference: random
     0 | D:1      | 0 ||| qw: Goals: Normal
     0 | D:1      | 0 ||| PLANNING D:1-11
   116 | D:1      | Reached XP level 2. HP: 16/16 MP: 3/3
   189 | D:1      | Reached skill level 3 in Ranged Weapons
   313 | D:1      | Reached XP level 3. HP: 21/21 MP: 4/4
   744 | D:1      | 744 ||| UPGRADING to +0 ring mail.
   754 | D:1      | 754 ||| DROPPING +0 robe.
   755 | D:1      | 755 ||| UPGRADING to +4 ring of protection.
   756 | D:1      | 756 ||| READING scroll labelled MOBLOA WOULOE.
   757 | D:1      | 757 ||| READING scroll labelled ZEUC TORHUE.
   758 | D:1      | 758 ||| READING 2 scrolls labelled ISIOTE FACUNK.
   759 | D:1      | 759 ||| READING scroll labelled SESSEE IKAOG.
   774 | D:1      | 774 ||| READING scroll labelled XAEFATUTIN.
   779 | D:1      | 779 ||| DROPPING scroll of poison.
   780 | D:1      | 780 ||| DROPPING scroll of blinking.
   913 | D:2      | Reached XP level 4. HP: 26/26 MP: 5/5
   947 | D:2      | 947 ||| Stepping ~*~*~tactically~*~*~ (outnumbered).
   960 | D:2      | Reached skill level 4 in Ranged Weapons
  1099 | D:2      | 1099 ||| UPGRADING to +0 pair of gloves.
  1104 | D:2      | 1104 ||| DROPPING amulet of magic regeneration.
  1105 | D:2      | 1105 ||| READING scroll labelled SEXATE SUADAOQ.
  1106 | D:2      | 1106 ||| READING scroll labelled RIUP OJUFF.
  1159 | D:3      | 1159 ||| PLANNING SEWER
  1163 | D:3      | 1163 ||| STAIRDANCE
  1170 | D:2      | 1170 ||| DRINKING potion of curing.
  1170 | D:2      | 1170 ||| (to cure confusion)
  1201 | D:2      | Reached skill level 1 in Armour
  1259 | D:3      | Found an ornate altar of the Wu Jian Council.
  1297 | D:3      | HP: 6/26 [orc priest/nerve-wracking pain (2)]
  1300 | D:3      | Reached XP level 5. HP: 9/30 MP: 6/6
  1606 | D:3      | 1606 ||| Stepping ~*~*~tactically~*~*~ (water).
  1608 | D:3      | Found a glowing drain.
  1609 | D:3      | 1609 ||| UPGRADING to +0 helmet.
  1614 | D:3      | 1614 ||| DROPPING scarf of shadows.
  1615 | D:3      | 1615 ||| READING 2 scrolls labelled IKUGOYLIRO.
  1622 | D:3      | 1622 ||| READING 3 scrolls of identify.
  1622 | D:3      | 1622 ||| IDENTIFYING grey potion
  1623 | D:3      | 1623 ||| READING 2 scrolls of identify.
  1623 | D:3      | 1623 ||| IDENTIFYING bubbling red potion
  1625 | D:3      | 1625 ||| DROPPING potion of attraction.
  1626 | D:3      | 1626 ||| DROPPING potion of ambrosia.
  1627 | D:3      | 1627 ||| DROPPING scroll of noise.
  1636 | Sewer    | Entered a sewer
  1638 | Sewer    | Reached skill level 5 in Ranged Weapons
  1641 | Sewer    | 1641 ||| Stepping ~*~*~tactically~*~*~ (water).
  1668 | Sewer    | HP: 3/30 [hell rat (13)]
  1668 | Sewer    | Mangled by a hell rat

Levels and vault maps discovered:
D:1:      minmay_arrival_open_corners, layout_loops_ring, minmay_split_cup_small
D:2:      layout_basic, serial_shops, nicolae_shop_advertising_works
          [nicolae_subvault_shop_adworks], kennysheep_generic_room_9,
          uniq_crazy_yiuf_cottage
D:3:      layout_rooms, nzn_wu_jian_contemplation, mainiacjoe_overflow_catwalk,
          gup_sewer_entry_pipe
Sewer:    sewer_hellmonk_bad_rat

Skill      XL: |  1  2  3  4  5 |
---------------+----------------+-----
Ranged Weapons | 3 4 5 |  5.0
Fighting       | 2 |  2.0
Armour         | 1 |  1.9
Dodging        | |  1.5
Spellcasting   | |  1.0
Hexes          | |  2.6

Action                     |  1- 3 |  4- 6 || total
---------------------------+-------+-------++-------
   Fire: Sling             |   112 |   131 ||   243
    Use: Scroll            |     5 |     5 ||    10
         Potion            |       |     1 ||     1
 Armour: Robe              |    12 |       ||    12
         Ring mail         |    12 |    80 ||    92
  Dodge: Dodged            |    24 |    35 ||    59

Table legend:
 A = Non-vault XP
 B = Vault XP
 C = Vault XP percentage of total XP
 D = Non-vault monster count
 E = Vault monster count
 F = Vault count percentage of total count
                 A         B        C        D         E       F
            +---------+---------+-------+---------+---------+-------
      Total |     218 |      37 |  14.5 |      66 |      14 |  17.5
            +---------+---------+-------+---------+---------+-------
        D:1 |      53 |       5 |   8.6 |      32 |       3 |   8.6
        D:2 |      77 |       0 |   0.0 |      16 |       0 |   0.0
        D:3 |      88 |      18 |  17.0 |      18 |       9 |  33.3
      Sewer |       0 |      14 | 100.0 |       0 |       2 | 100.0
            +---------+---------+-------+---------+---------+-------
